 Dungeon Crawl Stone Soup version 0.29.1-15-g9cfb28693d (webtiles) character file.

Game seed: 16081979236438033942

55 Mysteryquy the Trooper (level 3, -1/24 HPs)
             Began as a Gargoyle Fighter on May 2, 2023.
             Slain by a kobold
             ... wielding a +4 dagger
              (6 damage)
             ... on level 3 of the Dungeon.
             The game lasted 00:01:34 (1251 turns).

Mysteryquy the Trooper (Gargoyle Fighter)           Turns: 1251, Time: 00:01:35

Health: -1/24      AC: 11    Str: 21    XL:     3   Next: 93%
Magic:  3/3        EV:  9    Int:  8    God:
Gold:   52         SH:  4    Dex:  9    Spells: 2/2 levels left

rFire   . . .      SeeInvis .   a - +0 flail
rCold   . . .      Faith    .   c - +0 buckler
rNeg    + . .      Spirit   .   b - +0 scale mail
rPois   ∞          Reflect  .   (no helmet)
rElec   +          Harm     .   (no cloak)
rCorr   .          Rampage  .   (no gloves)
Will    .....                   l - +0 pair of boots
Stlth   ..........              (no amulet)
HPRegen 0.08/turn               (no ring)
MPRegen 0.08/turn               (no ring)

@: no status effects
A: sickness immunity, AC +3, negative energy resistance 1, electricity
resistance, torment resistance 1, petrification resistance
a: no special abilities


You were on level 3 of the Dungeon.
You visited 1 branch of the dungeon, and saw 4 of its levels.

You collected 52 gold pieces.

Inventory:

Hand Weapons
 a - a +0 flail (weapon)
Armour
 b - a +0 scale mail (worn)
 c - a +0 buckler (worn)
 l - a +0 pair of boots (worn)
Scrolls
 f - a scroll of torment {unknown}
 i - 2 scrolls of amnesia {unknown}
 k - a scroll of identify {unknown}
 n - a scroll of acquirement {unknown}
 o - a scroll of silence {unknown}
 q - a scroll of vulnerability {unknown}
 r - 2 scrolls of teleportation {unknown}
Potions
 d - a potion of might
 e - a potion of cancellation {unknown}
 g - 2 potions of brilliance {unknown}
 h - a potion of attraction {unknown}
 j - a potion of heal wounds {unknown}
 m - a potion of curing {unknown}
 p - a potion of ambrosia {unknown}


   Skills:
 + Level 3.9 Fighting
 + Level 3.0 Maces & Flails
 + Level 3.7 Armour
 + Level 0.2 Dodging
 + Level 3.4 Shields


You had 2 spell levels left.
You didn't know any spells.
Your spell library was empty.

Dungeon Overview and Level Annotations

Branches:
Dungeon (4/15)
 Temple: D:4-7

Altars:

Shops:
D:1 =


Innate Abilities, Weirdness & Mutations

You are immune to sickness and miasma.
Your stone body is resilient. (AC +3)
You are immune to poison.
You resist negative energy. (rN+)
You are resistant to electric shocks. (rElec)
You are resistant to unholy torment.
You are immune to petrification.


Message History

The kobold hits you with a +4 dagger.
The ball python attacks as you move away!
The ball python misses you. The kobold hits you with a +4 dagger.
You block the ball python's attack. The ball python grabs you.
The ball python constricts you.
You escape the ball python's grasp.
The adder bites you but does no damage. You block the adder's attack.
There is a stone staircase leading up here.
The kobold hits you with a +4 dagger. The adder closely misses you.
The ball python enters a dispersal trap!
The adder blinks!
The kobold blinks! x3; You blink.
You stop ascending the stairs.
The ball python blinks!
The kobold throws a stone.
The stone misses you.
There is a stone staircase leading up here.
The kobold hits you with a +4 dagger.
You climb upwards.
The orc shouts!
Found a scroll labelled YSSAUK NIJ PINN.
There is a stone staircase leading down here.
The kobold attacks as you move away! The kobold hits you but does no damage.
The bat hits you but does no damage. The bat hits you but does no damage.
The kobold attacks as you move away! The kobold closely misses you.
The bat hits you but does no damage. The bat hits you but does no damage.
The kobold attacks as you move away! The kobold hits you with a +4 dagger.
The bat barely misses you. The bat hits you but does no damage.
The bat closely misses you.
You hit the bat.
You kill the bat!
The kobold hits you but does no damage.
You closely miss the kobold. The kobold hits you with a +4 dagger.
You closely miss the kobold. The kobold hits you but does no damage.
You barely miss the kobold. The kobold hits you but does no damage.
You closely miss the kobold. You block the kobold's attack. x2
You closely miss the kobold. The kobold hits you with a +4 dagger.
* * * LOW HITPOINT WARNING * * *
You barely miss the kobold. The kobold hits you with a +4 dagger.
You die...

#########
####.......#####
..........oSK@.#
##....>...###.#
...............#
.##.............
#..?......##.##
...........# .#
.###.###.......#
#. ....###.# ##
....


You could see an orc, a ball python and a kobold.

Vanquished Creatures
  An adder (D:2)
  2 dart slugs
  3 ball pythons (D:1)
  4 bats
  7 endoplasms
  2 giant cockroaches (D:1)
  2 hobgoblins
  2 jackals (D:1)
  5 kobolds
  3 frilled lizards (D:1)
  4 goblins
  A rat (D:1)
36 creatures vanquished.

Notes
Turn   | Place    | Note
-------+----------+-------------------------------------------
     0 | D:1      | Mysteryquy the Gargoyle Fighter began the quest for the
                  | Orb.
     0 | D:1      | Reached XP level 1. HP: 14/14 MP: 1/1
    32 | D:1      | Found Horusu Xodil's Jewellery Shoppe.
    50 | D:1      | Reached XP level 2. HP: 11/19 MP: 2/2
   724 | D:1      | Reached XP level 3. HP: 24/24 MP: 3/3
  1137 | D:2      | Found a faded altar of an unknown god.
  1177 | D:2      | You fall into a shaft and drop 2 floors!
  1251 | D:3      | Slain by a kobold

Illustrated notes

Levels and vault maps discovered:
D:1:      mrwooster_arrival_statue_3, layout_rooms, serial_shops,
          nicolae_shop_stone, chequers_serial_rivers_micro_c,
          minmay_misc_feat_tower, hangedman_decor_clover_reticule
D:2:      layout_basic, ebering_ecumenical_altar_abandoned, minmay_quantized
D:3:      layout_loops_cross
D:4:      layout_loops_ring, zin_purify, minmay_misc_feat_plants,
          amcnicky_mini_pool_small

Skill      XL: |  1  2  3 |
---------------+----------+-----
Maces & Flails | 3 |  3.0
Fighting       | |  3.9
Armour         | |  3.7
Dodging        | |  0.2
Shields        | |  3.4

Action                   || total
-------------------------++-------
Melee: Flail             ||   100
Armor: Scale mail        ||    63
Dodge: Dodged            ||    55
Block: Buckler           ||    21
